 Dungeon Crawl Stone Soup version 0.30.1-3-gfc49f6343a (webtiles) character file.

Game seed: 8081345411293750342

15299 arthad the Cleaver (level 12, -2/107 HPs)
             Began as a Minotaur Berserker on July 21, 2023.
             Was an Elder of Trog.
             Slain by a purple very ugly thing (19 damage)
             ... on level 3 of the Abyss.
             The game lasted 00:26:39 (9045 turns).

arthad the Cleaver (Minotaur Berserker)             Turns: 9045, Time: 00:26:39

Health: -2/107     AC: 20    Str: 26    XL:     12   Next: 0%
Magic:  8/8        EV: 11    Int:  4    God:    Trog [****..]
Gold:   853        SH:  0    Dex:  6    Spells: 11/11 levels left

rFire   . . .        H - +1 broad axe (chaos)
rCold   . . .        (no shield)
rNeg    . . .        D - +5 chain mail of the Serpent {rPois}
rPois   +            p - +2 hat
rElec   .            P - scarf {shadows}
rCorr   +            (no gloves)
SInv    +            Y - +0 pair of boots
Will    +....        q - amulet "Ralun" {rPois Regen+ rCorr Dex-5 SInv} Stlth
                     C - ring of see invisible
HPRegen 1.17/turn    J - ring of willpower
MPRegen 0.11/turn

%: no passive effects
@: no status effects
A: horns 2, retaliatory headbutt, talons 1, low MP 2, poison resistance, sturdy
frame 1
a: Renounce Religion, Berserk, Trog's Hand, Brothers in Arms


You were on level 3 of the Abyss.
You worshipped Trog.
Trog was greatly pleased with you.
You visited 1 branch of the dungeon, and saw 11 of its levels.
You visited the Abyss 1 time.
You also visited: Ossuary and Bailey.

You collected 2191 gold pieces.
You spent 1338 gold pieces at shops.

Inventory:

Hand Weapons
 v - a +1 scimitar of flaming
 E - the +2 dagger of Fuurid {flame, +Blink rPois rF- rC+++}
   (You found it on level 5 of the Dungeon)

   rF:        It makes you vulnerable to fire.
   rC:        It renders you almost immune to cold.
   rPois:     It protects you from poison.
   +Blink:    It lets you blink.
 H - a +1 broad axe of chaos (weapon)
 O - a +1 morningstar of flaming
Missiles
 o - 15 poisoned darts (quivered)
 S - 5 atropa-tipped darts
Armour
 a - the +1 plate armour of Dudef {-Tele rC+++ Int+3 Dex+3}
   (You bought it in a shop on level 9 of the Dungeon)

   Int:       It affects your intelligence (+3).
   Dex:       It affects your dexterity (+3).
   rC:        It renders you almost immune to cold.
   -Tele:     It prevents most forms of teleportation.
 p - a +2 hat (worn)
 D - the +5 chain mail of the Serpent (worn) {rPois}
   (You found it on level 5 of the Dungeon)

   rPois:     It protects you from poison.
 P - a scarf of shadows (worn)
 R - the +5 troll leather armour "Suruckoa" {Regen+ rCorr Int+4 Dex-2}
   (You took it off a gnoll sergeant in a bailey)

   Int:       It affects your intelligence (+4).
   Dex:       It affects your dexterity (-2).
   Regen:     It increases your rate of health regeneration.
   rCorr:     It protects you from acid and corrosion.
 T - the +1 cloak of Levity {rElec rPois rF- Str+4}
   (You found it in a bailey)

   Str:       It affects your strength (+4).
   rF:        It makes you vulnerable to fire.
   rElec:     It insulates you from electricity.
   rPois:     It protects you from poison.
 W - a +0 tower shield
 Y - a +0 pair of boots (worn)
Jewellery
 i - a +6 ring of intelligence
 q - the amulet "Ralun" (around neck) {rPois Regen+ rCorr Dex-5 SInv}
   (You acquired it on level 7 of the Dungeon)

   [amulet of regeneration]

   Dex:       It affects your dexterity (-5).
   rPois:     It protects you from poison.
   SInv:      It lets you see invisible.
   Regen:     It increases your rate of health regeneration.
   rCorr:     It protects you from acid and corrosion.
 C - a ring of see invisible (left hand)
 J - a ring of willpower (right hand)
 N - the ring "Xoathos" {Fire Contam Fly Will++ Stlth+}
   (You found it on level 7 of the Dungeon)

   [ring of fire]

   It enhances your fire magic.
   rF:        It protects you from fire.
   rC:        It makes you vulnerable to cold.
   Fly:       It grants you flight.
   Contam:    It causes magical contamination when unequipped.
   Will:      It greatly increases your willpower.
   Stlth:     It makes you more stealthy.
 Z - a ring of magical power
Wands
 I - a wand of flame (19)
 M - a wand of charming (4)
Scrolls
 b - 2 scrolls of identify
 c - a scroll of vulnerability
 g - 6 scrolls of teleportation
 h - 2 scrolls of noise
 j - 5 scrolls of enchant weapon
 l - 4 scrolls of fear
 s - 3 scrolls of amnesia
 t - a scroll of butterflies
 y - 4 scrolls of immolation
 z - a scroll of torment
 A - 4 scrolls of poison
 B - 2 scrolls of enchant armour
 G - a scroll of blinking
 K - 2 scrolls of silence {unknown}
 Q - a scroll of brand weapon
Potions
 d - 3 potions of mutation
 e - 3 potions of might
 f - 2 potions of haste
 k - a potion of ambrosia
 m - 5 potions of curing
 n - 2 potions of attraction
 u - 6 potions of heal wounds
 w - 2 potions of flight
 x - 4 potions of invisibility
 F - 2 potions of degeneration {unknown}
 L - 3 potions of berserk rage {unknown}
 U - a potion of brilliance
 V - 2 potions of cancellation {unknown}
Miscellaneous
 r - a box of beasts
 X - a phantom mirror


   Skills:
 + Level 10.5 Fighting
 * Level 14.3 Axes
 + Level 7.0 Throwing
 + Level 10.2 Armour
 + Level 9.2 Dodging


You had 11 spell levels left.
You didn't know any spells.
Your spell library contained the following spells:

 Spells                   Type           Power      Damage    Failure   Level
 Cigotuvi's Dreadful Rot  Necr/Pois/Air  0%         N/A       93%         2
 Poisonous Vapours        Pois/Air       0%         N/A       93%         2
 Sublimation of Blood     Necr           0%         N/A       93%         2
 Ignite Poison            Fire/Tmut/Pois 0%         N/A       99%         3
 Mephitic Cloud           Conj/Pois/Air  0%         N/A       99%         3
 Manifold Assault         Tloc           0%         N/A       100%        4
 Petrify                  Tmut/Erth      0%         N/A       100%        4
 Freezing Cloud           Conj/Ice/Air   0%         6-21      100%        5
 Irradiate                Conj/Tmut      0%         3d11      100%        5
 Dispersal                Tloc           0%         N/A       100%        6
 Disjunction              Tloc           0%         N/A       100%        8


Dungeon Overview and Level Annotations

Branches:
Dungeon (11/15)            Temple (0/1) D:5         Ossuary (visited)
 Bailey (visited)
   Lair: D:8-11         Orc: D:9-12

Altars:
Ashenzari
Fedhas
Gozag
Okawaru
Qazlal
Wu Jian
Zin

Shops:
D:7 ?   D:9 ([::*


Innate Abilities, Weirdness & Mutations

You have a pair of horns on your head.
You reflexively headbutt those who attack you in melee.
You have sharp toenails.
Your magical capacity is very low. (-20% MP)
Your system is resistant to poisons. (rPois)
Your movements are slightly less encumbered by armour. (ER -2)


Message History

The purple very ugly thing tentacle-slaps you!
You barely miss the purple very ugly thing.
You headbutt the purple very ugly thing.
The purple very ugly thing is severely wounded.
The purple very ugly thing tentacle-slaps you but does no damage.
You hit the purple very ugly thing but do no damage.
The purple very ugly thing seems to speed up.
The purple very ugly thing is severely wounded.
The purple very ugly thing tentacle-slaps you!
The purple very ugly thing tentacle-slaps you!!
You are too injured to fight recklessly!
You are too injured to fight recklessly!
You are too injured to fight recklessly!
You are too injured to fight recklessly!
You are too injured to fight recklessly!
You are too injured to fight recklessly!
You are too injured to fight recklessly!
You are too injured to fight recklessly!
You are too injured to fight recklessly!
You are too injured to fight recklessly!
You are too injured to fight recklessly!
You are too injured to fight recklessly!
You are too injured to fight recklessly!
You are too injured to fight recklessly!
You are too injured to fight recklessly!
You are too injured to fight recklessly!
You slash the purple very ugly thing! You drain the purple very ugly thing.
The purple very ugly thing is almost dead.
The purple very ugly thing tentacle-slaps you!
* * * LOW HITPOINT WARNING * * *
You slash the purple very ugly thing! You burn the purple very ugly thing.
The purple very ugly thing is almost dead.
The purple very ugly thing tentacle-slaps you.
* * * LOW HITPOINT WARNING * * *
You barely miss the purple very ugly thing.
The purple very ugly thing is almost dead.
The purple very ugly thing tentacle-slaps you!
* * * LOW HITPOINT WARNING * * *
The purple very ugly thing tentacle-slaps you!!
You die...

## ..
#.#### .#
#....u##..#
#@...#
#.#.#.# ##
... ..#..
#.# ## ..
...


You could see a purple very ugly thing (fast, poisoned, drained).

Vanquished Creatures
  Harold (D:10)
  Erica (D:10)
  A centaur warrior (D:11)
  A two-headed ogre (D:11)
  A fire crab (shapeshifter) (D:9)
  2 starcursed masses (Abyss:3)
  A cyclops (D:11)
  An ugly thing (D:11)
  A gargoyle (D:11)
  Maggie (D:7)
  A troll (D:9)
  2 hornets
  Prince Ribbit (D:5)
  4 shadows
  22 yaks
  4 wraiths
  Grum (Bailey)
  A steam dragon (D:8)
  An acid dragon (D:4)
  2 water moccasins
  2 orc warriors (D:9)
  An ice beast (D:6)
  2 black bears
  2 ogres (D:5)
  A sky beast (D:7)
  A large abomination (Abyss:3)
  3 centaurs
  A phantom (D:5)
  3 wolves (Bailey)
  Blork the orc (D:5)
  3 kobold brigands
  3 bullfrogs
  10 gnoll sergeants
  3 elf skeletons (D:7)
  7 wights (D:7)
  3 howler monkeys
  3 hounds
  A human zombie (D:7)
  A jelly (D:3)
  7 gnoll boudas
  4 orc priests (D:9)
  2 sleepcaps
  A human skeleton (D:7)
  An iguana (D:5)
  An orc wizard (D:10)
  A mummy (Ossuary)
  25 gnolls
  6 adders
  3 shadow imps
  2 white imps
  An ufetubus (D:7)
  2 worms
  4 dart slugs
  15 orcs
  5 ball pythons
  5 bats
  4 endoplasms
  3 giant cockroaches
  11 goblins
  7 hobgoblins
  2 jackals (D:3)
  13 kobolds
  4 quokkas
  2 frilled lizards
  6 gnoll skeletons (Ossuary)
  7 kobold skeletons (Ossuary)
  12 orc skeletons (Ossuary)
  An orc zombie (D:7)
  8 rats
266 creatures vanquished.

Vanquished Creatures (collateral kills)
  A troll (D:11)
  An acid dragon (D:11)
  An orc wizard (D:11)
3 creatures vanquished.

Grand Total: 269 creatures vanquished

Notes
Turn   | Place    | Note
-------+----------+-------------------------------------------
     0 | D:1      | arthad the Minotaur Berserker began the quest for the Orb.
     0 | D:1      | Reached XP level 1. HP: 19/19 MP: 0/0
   305 | D:1      | Reached XP level 2. HP: 23/27 MP: 1/1
   306 | D:1      | Reached skill level 4 in Axes
   981 | D:2      | Reached XP level 3. HP: 33/33 MP: 2/2
  1025 | D:2      | Reached ** piety under Trog
  1456 | D:2      | Reached XP level 4. HP: 40/40 MP: 3/3
  1668 | D:3      | Reached skill level 5 in Axes
  2111 | D:4      | Noticed an acid dragon
  2122 | D:4      | Killed an acid dragon
  2123 | D:4      | Reached XP level 5. HP: 24/47 MP: 4/4
  2219 | D:4      | Found a blossoming altar of Fedhas.
  2879 | D:5      | Entered Level 5 of the Dungeon
  2905 | D:5      | Noticed a water moccasin
  2923 | D:5      | Killed a water moccasin
  2924 | D:5      | Reached skill level 5 in Fighting
  2924 | D:5      | Reached skill level 6 in Axes
  2924 | D:5      | Reached XP level 6. HP: 20/56 MP: 5/5
  3198 | D:5      | Found a staircase to the Ecumenical Temple.
  3304 | D:5      | Found an opulent altar of Gozag.
  3374 | D:5      | Reached XP level 7. HP: 48/61 MP: 6/6
  3448 | D:5      | HP: 3/61 [ogre/+0 giant club (25)]
  3450 | D:5      | Reached skill level 7 in Axes
  3709 | D:5      | Reached skill level 5 in Armour
  3922 | D:5      | Found a glowing silver altar of Zin.
  3955 | D:5      | Noticed Prince Ribbit
  3960 | D:5      | Killed Prince Ribbit
  3961 | D:5      | Reached skill level 8 in Axes
  3961 | D:5      | Reached XP level 8. HP: 70/70 MP: 7/7
  3982 | D:5      | Noticed Blork the orc
  3991 | D:5      | Killed Blork the orc
  3992 | D:5      | Reached skill level 5 in Dodging
  4040 | D:5      | Identified the +5 chain mail of the Serpent {rPois}
  4049 | D:5      | Identified the +2 dagger of Fuurid {flame, +Blink rPois rF-
                  | rC+++}
  4345 | D:6      | Reached skill level 1 in Throwing
  4455 | D:6      | Found an ornate altar of the Wu Jian Council.
  4732 | D:6      | Found a broken altar of Ashenzari.
  4732 | D:6      | Found an iron altar of Okawaru.
  4919 | D:7      | Found Yshumoz's Magic Scroll Emporium.
  4969 | D:7      | Identified a scroll of acquirement
  4985 | D:7      | Found a stormy altar of Qazlal.
  5024 | D:7      | Found a sand-covered staircase.
  5033 | Ossuary  | Entered an ossuary
  5039 | Ossuary  | Reached *** piety under Trog
  5183 | Ossuary  | Reached skill level 9 in Axes
  5333 | D:7      | Reached XP level 9. HP: 79/79 MP: 8/8
  5392 | D:7      | Reached **** piety under Trog
  5600 | D:7      | Identified the ring "Xoathos" {Fire Contam Fly Will++
                  | Stlth+}
  5623 | D:7      | Reached skill level 10 in Axes
  5695 | D:7      | Noticed Maggie
  5707 | D:7      | Gained mutation: Your mind is acute. (Int +4, Str/Dex -1)
                  | [potion of mutation]
  5707 | D:7      | Gained mutation: Your magical capacity is low. (-10% MP)
                  | [potion of mutation]
  5707 | D:7      | Gained mutation: You have sharp toenails. [potion of
                  | mutation]
  5709 | D:7      | Killed Maggie
  6085 | D:7      | Acquired the amulet "Ralun" {rPois Regen+ rCorr Dex-5 SInv}
  6144 | D:8      | Reached skill level 11 in Axes
  6305 | D:8      | Reached XP level 10. HP: 88/88 MP: 8/8
  6306 | D:8      | Found a flagged portal.
  6317 | Bailey   | Entered a bailey
  6466 | Bailey   | Noticed Grum
  6476 | Bailey   | HP: 4/89 [gnoll sergeant/+0 halberd (12)]
  6487 | Bailey   | Lost mutation: Your mind is acute. (Int +4, Str/Dex -1)
                  | [potion of mutation]
  6487 | Bailey   | Lost mutation: You have sharp toenails. [potion of
                  | mutation]
  6487 | Bailey   | Gained mutation: You have sharp toenails. [potion of
                  | mutation]
  6487 | Bailey   | Gained mutation: Your magical capacity is very low. (-20%
                  | MP) [potion of mutation]
  6487 | Bailey   | Gained mutation: Your movements are slightly less
                  | encumbered by armour. (ER -2) [potion of mutation]
  6487 | Bailey   | Gained mutation: Your system is resistant to poisons.
                  | (rPois) [potion of mutation]
  6576 | Bailey   | Identified the +5 troll leather armour "Suruckoa" {Regen+
                  | rCorr Int+4 Dex-2}
  6600 | Bailey   | Killed Grum
  6768 | Bailey   | Identified the +1 cloak of Levity {rElec rPois rF- Str+4}
  7347 | D:9      | Reached skill level 5 in Throwing
  7376 | D:9      | Found Dasoc's Antique Weapon Shoppe.
  7523 | D:9      | Reached skill level 12 in Axes
  7524 | D:9      | a shapeshifter changed into a fire crab
  7524 | D:9      | Noticed a fire crab (shapeshifter)
  7530 | D:9      | Killed a fire crab
  7613 | D:9      | Found Tanillas's Book Shoppe.
  7641 | D:9      | Found Kagg's Book Shop.
  7751 | D:9      | Found Wegulim's Antique Armour Shop.
  7990 | D:9      | Found Xurisaoh's Assorted Antiques.
  7994 | D:9      | Bought a golden ring for 150 gold pieces
  8121 | D:7      | Bought a scroll of acquirement for 572 gold pieces
  8121 | D:7      | Acquired 1014 gold pieces
  8204 | D:9      | Bought a ruby-encrusted plate armour for 616 gold pieces
  8204 | D:9      | Identified the +1 plate armour of Dudef {-Tele rC+++ Int+3
                  | Dex+3} (You bought it in a shop on level 9 of the Dungeon)
  8229 | D:10     | Entered Level 10 of the Dungeon
  8245 | D:10     | Reached XP level 11. HP: 93/97 MP: 7/7
  8338 | D:10     | Noticed Harold
  8349 | D:10     | Killed Harold
  8391 | D:10     | Noticed Erica
  8395 | D:10     | Reached skill level 13 in Axes
  8405 | D:10     | Killed Erica
  8822 | D:11     | Noticed a white ugly thing
  8828 | D:11     | Killed a white ugly thing
  8840 | D:11     | Noticed a two-headed ogre
  8846 | D:11     | Reached skill level 10 in Fighting
  8849 | D:11     | Noticed a centaur warrior
  8857 | D:11     | Killed a two-headed ogre
  8860 | D:11     | Killed a centaur warrior
  8945 | D:11     | Reached skill level 14 in Axes
  8956 | D:11     | Reached skill level 10 in Armour
  8973 | D:11     | Identified the staff of fire "Kaige" {rF+ MP+9}
  8973 | D:11     | Noticed a wizard
  8975 | Abyss:3  | Cast into level 3 of the Abyss (a wizard)
  9017 | Abyss:3  | Noticed a starcursed mass
  9025 | Abyss:3  | Killed a starcursed mass
  9025 | Abyss:3  | Killed a starcursed mass
  9026 | Abyss:3  | Reached XP level 12. HP: 85/107 MP: 8/8
  9035 | Abyss:3  | Noticed a purple very ugly thing
  9045 | Abyss:3  | Slain by a purple very ugly thing

Illustrated notes

Levels and vault maps discovered:
D:1:      evilmike_arrival_plus, layout_loops_ring
D:2:      layout_loops_ring, minmay_misc_feat_nine_boxes, minmay_tall_x
D:3:      layout_rooms
D:4:      layout_basic, nicolae_overflow_crystal_walls, kennysheep_another_room
D:5:      layout_loops_ring, nicolae_gozag_cash_rules_everything_around_me,
          zin_scriptorium, minmay_temple_entry_gardened_gates,
          uniq_prince_ribbit1, uniq_blork_the_orc
D:6:      layout_cave_pools, amcnicky_altar_gilded,
          nicolae_overflow_two_pavilions
D:7:      layout_rooms, nicolae_qazlal_scattered_showers,
          nicolae_ossuary_entry_catacombs, abandoned_shop,
          nicolae_stop_n_shop_1, serial_bayou_pond_b, uniq_maggie
D:8:      layout_basic, enter_bailey_3, nicolae_concentric_dashed_squares_wild
D:9:      layout_basic, serial_shops, shop_statue, shop,
          nicolae_shop_back_alley_shop, shop, nicolae_shop_scrapyard
D:10:     layout_cave_pools, uniq_erica, uniq_harold
D:11:     cheibrodos_ideogram_h, layout_small_grid, minmay_lair_entry_lava,
          uniq_urug, uniq_snorg, uniq_sonja
Abyss:3:  base: D:5, hangedman_abyss_rune_macabre_mess

Skill      XL: |  1  2  3  4  5  6  7  8  9 10 11 |
---------------+----------------------------------+-----
Axes           | 4 5 6 8 9 11 12 14 | 14.3
Fighting       | 4 5 6 7 8 9 10 | 10.5
Armour         | 3 4 5 6 7 8 10 | 10.2
Dodging        | 3 4 5 7 8 9 |  9.2
Throwing       | 2 4 5 7 |  7.0

Action                     |  1- 3 |  4- 6 |  7- 9 | 10-12 || total
---------------------------+-------+-------+-------+-------++-------
  Melee: Hand axe          |    73 |   121 |    50 |       ||   244
         Headbutt          |     7 |    23 |    42 |    53 ||   125
         Punch             |     3 |       |     2 |     5 ||    10
         Broad axe         |       |       |   167 |   270 ||   437
         Kick              |       |       |    10 |    42 ||    52
  Throw: Dart              |       |       |    31 |     9 ||    40
 Invoke: Berserk           |       |     2 |     2 |     6 ||    10
         Trog's Hand       |       |     2 |     1 |     4 ||     7
  Evoke: Wand              |       |       |       |     2 ||     2
         Box of beasts     |       |       |       |     1 ||     1
    Use: Scroll            |       |       |    16 |    10 ||    26
         Potion            |       |       |     2 |     2 ||     4
   Stab: Sleeping          |     1 |       |       |       ||     1
         Petrified         |       |       |     2 |       ||     2
         Confused          |       |       |     1 |       ||     1
         Paralysed         |       |       |       |     1 ||     1
 Armour: Animal skin       |    14 |       |       |       ||    14
         Scale mail        |       |    51 |     8 |       ||    59
         Chain mail        |       |       |    88 |   165 ||   253
  Dodge: Dodged            |    53 |    64 |    87 |   160 ||   364
